 Dungeon Crawl Stone Soup version 0.31.0-32-g396128a36d (webtiles) character file.

Game seed: 16916530228862512702

1457 raph the Spear-Bearer (level 8, -1/68 HPs)
             Began as a Minotaur Fighter on Apr 7, 2024.
             Was a Believer of Uskayaw.
             Succumbed to an orc's poison
             ... on level 6 of the Dungeon.
             The game lasted 00:07:43 (4414 turns).

raph the Spear-Bearer (Minotaur Fighter)            Turns: 4414, Time: 00:07:44

Health: -1/68      AC: 17    Str: 26    XL:     8   Next: 47%
Magic:  8/10       EV:  8    Int: 11    God:    Uskayaw [**....]
Gold:   218        SH:  0    Dex: 13    Spells: 7/7 levels left

rFire   . . .        a - +0 glaive (drain)
rCold   . . .        (shield currently unavailable)
rNeg    . . .        t - +0 plate armour
rPois   .            (helmet restricted)
rElec   .            r - +0 cloak
rCorr   .            p - +1 pair of gloves
SInv    .            q - +0 pair of boots
Will    .....        (no amulet) Stlth
                     l - +6 ring of strength
HPRegen 0.31/turn    f - +6 ring of intelligence
MPRegen 0.12/turn

%: no passive effects
@: lethally poisoned (-1 -> -28)
A: horns 2, retaliatory headbutt
a: Renounce Religion, Stomp, Line Pass


You were on level 6 of the Dungeon.
You worshipped Uskayaw.
Uskayaw was noncommittal.
You visited 1 branch of the dungeon, and saw 6 of its levels.

You collected 218 gold pieces.

Inventory:

Hand Weapons
 a - a +0 glaive of draining (weapon)
 w - a +0 trident
Missiles
 j - 3 boomerangs (quivered)
 k - 4 poisoned darts
Armour
 b - a +0 scale mail
 c - a +0 buckler
 p - a +1 pair of gloves (worn)
 q - a +0 pair of boots (worn)
 r - a +0 cloak (worn)
 s - a +0 chain mail
 t - a +0 plate armour (worn)
Jewellery
 f - a +6 ring of intelligence (right hand)
 l - a +6 ring of strength (left hand)
 v - an amulet of faith
Wands
 o - a wand of acid (8)
Scrolls
 d - a scroll of fog
 h - 6 scrolls of identify
 i - a scroll of teleportation
 m - a scroll of silence
 n - 3 scrolls of vulnerability
Potions
 e - 2 potions of mutation
 g - a potion of brilliance
 u - 4 potions of might


   Skills:
 + Level 5.1 Fighting
 * Level 9.4 Polearms
 + Level 5.1 Armour
 + Level 2.8 Dodging
 - Level 3.6 Shields
 + Level 4.9 Invocations


You had 7 spell levels left.
You didn't know any spells.
Your spell library contained the following spells:

 Spells                   Type           Power      Damage    Failure   Level
 Summon Small Mammal      Summ           0%         N/A       99%         1
 Call Canine Familiar     Summ           0%         N/A       100%        3
 Summon Blazeheart Golem  Fire/Summ      0%         N/A       100%        4


Dungeon Overview and Level Annotations

Branches:
Dungeon (6/15)
 Temple: D:4-7

Altars:
Uskayaw
Xom


Innate Abilities, Weirdness & Mutations

You have a pair of horns on your head.
You reflexively headbutt those who attack you in melee.


Message History

You kill the orc priest!
The orc hits you but does no damage. The orc hits you with a +0 flail.
You are too injured to fight recklessly!
You are too injured to fight recklessly!
You are too injured to fight recklessly!
You are too injured to fight recklessly!
You are too injured to fight recklessly!
You are too injured to fight recklessly!
You are too injured to fight recklessly!
You hit the orc.
You kill the orc!
The orc hits you but does no damage. x2
You are poisoned.
You hit the orc but do no damage. You drain the orc.
The orc is moderately wounded.
You feel very sick. The orc barely misses you.
The orc hits you with a +2 dagger of venom.
You are more poisoned.
The orc hits you but does no damage. x2
You are lethally poisoned!
You closely miss the orc.
* * * LOW HITPOINT WARNING * * *
You feel extremely sick. The orc hits you with a +0 flail.
* * * LOW HITPOINT WARNING * * *
The orc hits you with a +2 dagger of venom.
* * * LOW HITPOINT WARNING * * *
You are more poisoned.
You hit the orc.
You kill the orc!
* * * LOW HITPOINT WARNING * * *
You feel extremely sick.
The orc hits you with a +2 dagger of venom.
* * * LOW HITPOINT WARNING * * *
You are more poisoned.
Okay, then.
You barely miss the orc. You headbutt the orc!
You kill the orc!
You die...

#... #..# ## #...#
#..###. . ............ ..
#.....#.... ...
#........##....
##....#.........
......)).....###
####)@........ ...
#.........######...
#..#....#............#
#......#...##.......#..
##......................
##.........#...........
............#...........
#............#...........
.............#.......# ..


There were no monsters in sight!

Vanquished Creatures
  Sigmund (D:2)
  An orc warrior (D:6)
  An ice beast (D:5)
  A black bear (D:5)
  2 ogres
  A centaur (D:5)
  A phantom (D:5)
  A bullfrog (D:4)
  A bombardier beetle (D:5)
  2 hounds
  A jelly (D:4)
  2 orc priests
  A sleepcap (D:4)
  Jessica (D:3)
  2 iguanas (D:5)
  2 orc wizards
  Natasha (thrice) (D:4)
  A mummy (D:5)
  10 adders
  4 ufetubi
  5 dart slugs
  16 orcs
  7 ball pythons
  4 endoplasms
  2 giant cockroaches
  5 goblins
  12 hobgoblins
  8 kobolds
  4 quokkas
  5 bats
  3 frilled lizards
  A hobgoblin zombie (D:5)
  2 kobold zombies (D:5)
  An orc zombie (D:5)
  5 rats
119 creatures vanquished.

Notes
Turn   | Place    | Note
-------+----------+-------------------------------------------
     0 | D:1      | raph the Minotaur Fighter began the quest for the Orb.
     0 | D:1      | Reached XP level 1. HP: 19/19 MP: 0/0
   108 | D:1      | Reached skill level 3 in Polearms
   111 | D:1      | Found a faded altar of an unknown god.
   117 | D:1      | Prayed at the altar of an unknown god.
   117 | D:1      | Became a worshipper of Uskayaw the Reveller
   117 | D:1      | Reached * piety under Uskayaw
   164 | D:1      | Reached XP level 2. HP: 26/26 MP: 1/1
   165 | D:1      | Reached ** piety under Uskayaw
   871 | D:2      | Reached skill level 1 in Invocations
  1005 | D:2      | Reached skill level 4 in Polearms
  1005 | D:2      | Reached XP level 3. HP: 31/31 MP: 2/2
  1126 | D:2      | Found a shimmering altar of Xom.
  1367 | D:2      | Noticed Sigmund
  1379 | D:2      | Killed Sigmund
  1380 | D:2      | Reached skill level 6 in Polearms
  1380 | D:2      | Reached XP level 4. HP: 25/39 MP: 0/5
  1380 | D:2      | Reached XP level 5. HP: 29/45 MP: 0/6
  2455 | D:3      | Noticed Jessica
  2457 | D:3      | Killed Jessica
  2458 | D:3      | Reached XP level 6. HP: 51/51 MP: 7/7
  2739 | D:4      | Reached skill level 7 in Polearms
  2774 | D:4      | Reached *** piety under Uskayaw
  2792 | D:4      | Reached XP level 7. HP: 57/57 MP: 8/8
  3038 | D:4      | Noticed Natasha
  3042 | D:4      | Killed Natasha
  3145 | D:4      | Noticed Natasha
  3151 | D:4      | Killed Natasha
  3159 | D:4      | Identified the +4 mace "Oschaq" {freeze, Dex+4}
  3161 | D:4      | Noticed Natasha
  3166 | D:4      | Reached skill level 8 in Polearms
  3166 | D:4      | Killed Natasha
  3524 | D:5      | Entered Level 5 of the Dungeon
  3593 | D:5      | Reached skill level 1 in Dodging
  3784 | D:5      | Reached XP level 8. HP: 64/67 MP: 10/10
  3969 | D:5      | Reached skill level 9 in Polearms
  4321 | D:6      | Reached skill level 5 in Fighting
  4321 | D:6      | Reached skill level 5 in Armour
  4414 | D:6      | Succumbed to an orc's poison

Illustrated notes

Levels and vault maps discovered:
D:1:      minmay_arrival_solitary_statue, layout_basic,
          dreamdust_ecumenical_altar_angels_and_demons, minmay_heptomino_d4
D:2:      layout_basic, basic_altar, glass_columns_a, minmay_door_square,
          minmay_quantized, uniq_sigmund
D:3:      layout_basic, minmay_crystal_room, hangedman_decor_slide_cut,
          minmay_crystal_water, minivault_4, uniq_jessica
D:4:      layout_cave_pools, nicolae_figureground_pulse, uniq_natasha
D:5:      layout_loops_ring, serial_rivers, chequers_serial_rivers_micro_b,
          chequers_serial_rivers_room_a, chequers_serial_rivers_micro_a,
          chequers_serial_rivers_marsh, minmay_mini_ossuary
D:6:      layout_basic, minmay_temple_entry_trees

Skill      XL: |  1  2  3  4  5  6  7  8 |
---------------+-------------------------+-----
Polearms       | 3 4 6 7 8 9 |  9.4
Invocations    | 1 2 3 4 |  4.9
Fighting       | 4 5 |  5.1
Armour         | 4 5 |  5.1
Dodging        | 2 |  2.8
Shields        | |  3.6

Action                     |  1- 3 |  4- 6 |  7- 9 || total
---------------------------+-------+-------+-------++-------
  Melee: Trident           |    67 |    50 |       ||   117
         Headbutt          |     4 |     6 |    15 ||    25
         Glaive            |       |    14 |   115 ||   129
  Throw: Boomerang         |       |     1 |     4 ||     5
 Invoke: Stomp             |     1 |       |     2 ||     3
    Use: Potion            |     1 |       |     1 ||     2
         Scroll            |       |    12 |     1 ||    13
   Stab: Paralysed         |       |       |     2 ||     2
 Armour: Scale mail        |    15 |       |       ||    15
         Chain mail        |       |    19 |    82 ||   101
         Plate armour      |       |       |    35 ||    35
  Dodge: Dodged            |    22 |    17 |    55 ||    94
  Block: Buckler           |    11 |     9 |       ||    20
